 Dungeon Crawl Stone Soup version 0.16.1-11-g651b585 (webtiles) character file.

5133 karlm the Fighter (level 10, -1/114 HPs)
             Began as an Ogre Hunter on Apr 2, 2015.
             Was a Priest of Trog.
             Slain by a killer bee (10 damage)
             ... on level 9 of the Dungeon.
             The game lasted 00:32:37 (12879 turns).

karlm the Fighter (Ogre Hunter)                    Turns: 12879, Time: 00:32:37

Health: -1/114     AC:  4    Str: 26    XL:     10   Next: 58%
Magic:  10/10      EV: 12    Int: 10    God:    Trog [***...]
Gold:   185        SH:  0    Dex: 11    Spells: 0 memorised, 9 levels left

rFire  . . .     SeeInvis +     I - +0 giant spiked club (freeze)
rCold  . . .     Clarity  .     d - +1 animal skin
rNeg   . . .     SustAb   .     (shield restricted)
rPois  .         Gourm    +     (helmet restricted)
rElec  .         Spirit   .     (no cloak)
rCorr  .         Warding  .     (gloves unavailable)
rMut   .         Stasis   .     (boots unavailable)
MR     +....                    h - amulet of the gourmand
Stlth  +.........               x - +5 ring of strength
                                w - ring of see invisible

@: lethally poisoned (-1 -> -17), somewhat resistant to hostile enchantments,
very unstealthy
A: unfitting armour, tough skin 1
a: Burn Spellbooks, Berserk, Trog's Hand, Renounce Religion


You were on level 9 of the Dungeon.
You worshipped Trog.
Trog was most pleased with you.
You were not hungry.

You visited 2 branches of the dungeon, and saw 10 of its levels.

You collected 515 gold pieces.
You spent 330 gold pieces at shops.

Inventory:

Hand weapons
 j - a +0 dagger of venom
 l - a +1 mace
 I - a +0 giant spiked club of freezing (weapon)
Missiles
 a - 2 needles of confusion
 b - 5 tomahawks
 c - 2 large rocks (quivered)
 m - 195 stones
 t - 20 poisoned needles
Armour
 d - a +1 animal skin (worn)
Jewellery
 h - an amulet of the gourmand (around neck)
 w - a ring of see invisible (left hand)
 x - a +5 ring of strength (right hand)
Magical devices
 n - a wand of confusion (18)
 F - a wand of lightning (9)
 H - a wand of polymorph (11)
Scrolls
 e - a scroll of amnesia
 k - a scroll of enchant armour
 v - a scroll of teleportation
 y - 4 scrolls of identify
 z - a scroll of fog {unknown}
Potions
 g - 3 potions of curing
 o - a potion of might
 q - 4 potions of poison {unknown}
 s - a potion of cancellation {unknown}
 u - a potion of degeneration {unknown}
 B - a potion of heal wounds {unknown}
Books
 A - a Necronomicon {highlevel, unknown}

   This book is beyond your current level of understanding.

   Spells                             Type                      Level
   a - Haunt                          Necromancy/Summoning         7
   b - Borgnjor's Revivification      Necromancy                   8
   c - Death's Door                   Charms/Necromancy            8
   d - Necromutation                  Transmutation/Necromancy     8
   Trog disapproves of the use of such an item.
 G - a book of Envenomations

   Spells                             Type                      Level
   a - Spider Form                    Transmutation/Poison         3
   b - Alistair's Intoxication        Transmutation/Poison         4
   c - Olgreb's Toxic Radiance        Poison                       4
   d - Poisonous Cloud                Conjuration/Poison/Air       6
   Trog disapproves of the use of such an item.
Miscellaneous
 C - a plain deck of summoning
Comestibles
 f - 7 meat rations
 i - 4 beef jerkies
 p - 9 bread rations
 r - 20 fruits


   Skills:
 * Level 11.6 Fighting
 - Level 0.1 Short Blades
 * Level 11.1 Maces & Flails
 + Level 8.5 Throwing
 + Level 5.9 Dodging
 - Level 1.0 Stealth


You had 9 spell levels left.
You didn't know any spells.

Dungeon Overview and Level Annotations

Branches:
Dungeon (9/15)             Temple (1/1) D:4
   Lair: D:8-11         Orc: D:9-12

Altars:
Ashenzari
Cheibriados
Dithmenos
Elyvilon
Fedhas
Gozag
Kikubaaqudgha
Makhleb
Nemelex Xobeh
Okawaru
Qazlal
Ru
Sif Muna
Trog
Vehumet
Xom
Yredelemnul
Zin
The Shining One

Shops:
D:4 [   D:9 =


Innate Abilities, Weirdness & Mutations

You are too large for most types of armour.
You have tough skin (AC +1).


Message History

You feel sick. The killer bee barely misses you. The killer bee misses you.
The killer bee stings you but does no damage.
You feel sick. The killer bee barely misses you.
The killer bee closely misses you. The killer bee barely misses you.
The killer bee stings you!
* * * LOW HITPOINT WARNING * * *
The killer bee barely misses you. The killer bee closely misses you.
You feel sick. The killer bee misses you. The killer bee misses you.
The killer bee stings you.
* * * LOW HITPOINT WARNING * * *
You are more poisoned.
The killer bee poisons you!
You feel sick. The killer bee barely misses you.
The killer bee closely misses you. The killer bee stings you.
* * * LOW HITPOINT WARNING * * *
You feel sick. The killer bee barely misses you. The killer bee stings you.
* * * LOW HITPOINT WARNING * * *
You are lethally poisoned!
The killer bee poisons you! The killer bee stings you!
You die...

# #..# #..........# #
#..# #.......)..# # #..#
#..........# # #..#
#..........# # #..#
#..........# # #..#
#..........# # #..#
#yy........# # #..#
#yyy.......# #
#..#####@.........######
#
#..)...................#
#
########################


You could see 5 killer bees.

Vanquished Creatures
  Joseph (D:9)
  A kobold demonologist (D:9)
  Prince Ribbit (D:8)
  A spriggan (D:7)
  Eustachio (D:6)
  A hungry ghost (D:8)
  A necrophage (D:5)
  3 ice beasts (D:8)
  A sky beast (D:7)
  3 phantoms
  5 centaurs
  3 black bears
  2 ogres
  4 orc warriors
  Duvessa (D:8)
  5 giant frogs
  3 scorpions
  3 wights (D:9)
  A goliath beetle (D:6)
  2 orc priests (D:6)
  Dowan (D:8)
  2 crimson imps (D:5)
  5 hounds
  2 jellies
  3 giant frog skeletons
  13 orc wizards
  2 centaur skeletons
  3 iguanas
  3 worker ants
  A hound skeleton (D:7)
  Robin (D:2)
  3 gnolls (D:4)
  2 worker ant zombies
  12 adders
  A giant mite (D:6)
  2 worms (D:2)
  2 adder zombies
  10 giant geckos
  An ooze (D:3)
  33 orcs
  15 bats
  A bat zombie (D:5)
  7 giant cockroaches
  22 goblins
  14 hobgoblins
  6 jackals
  13 kobolds
  4 quokkas
  A ball python (D:2)
  7 giant newts
  A jackal zombie (D:8)
  18 rats
  A ballistomycete (D:9)
255 creatures vanquished.

Vanquished Creatures (others)
  A giant spore (D:9)
1 creature vanquished.

Grand Total: 256 creatures vanquished

Notes
Turn   | Place    | Note
--------------------------------------------------------------
     0 | D:1      | karlm, the Ogre Hunter, began the quest for the Orb.
     0 | D:1      | Reached XP level 1. HP: 22/22 MP: 1/1
   187 | D:1      | Reached XP level 2. HP: 27/29 MP: 2/2
  1071 | D:1      | Reached XP level 3. HP: 33/37 MP: 3/3
  1128 | D:1      | Reached skill level 5 in Throwing
  1128 | D:1      | Reached skill level 1 in Stealth
  1185 | D:2      | Reached skill level 1 in Maces & Flails
  1422 | D:2      | Found a shattered altar of Ashenzari.
  1694 | D:2      | Reached XP level 4. HP: 46/48 MP: 4/4
  1962 | D:2      | Noticed Robin
  1974 | D:2      | Killed Robin
  2214 | D:2      | Found a shadowy altar of Dithmenos.
  2389 | D:2      | Reached XP level 5. HP: 28/55 MP: 5/5
  3420 | D:4      | Found Havy's Antique Armour Emporium.
  4065 | D:4      | Reached skill level 5 in Fighting
  4065 | D:4      | Reached XP level 6. HP: 63/66 MP: 6/6
  4398 | D:4      | Found a staircase to the Ecumenical Temple.
  4449 | Temple   | Entered the Ecumenical Temple
  5167 | D:4      | Found a deep blue altar of Sif Muna.
  5204 | D:5      | Entered Level 5 of the Dungeon
  5213 | D:5      | Reached XP level 7. HP: 72/74 MP: 7/7
  5231 | D:5      | Reached skill level 6 in Fighting
  5873 | D:5      | Reached skill level 5 in Maces & Flails
  5903 | D:5      | Found a basalt altar of Yredelemnul.
  6134 | D:5      | Reached skill level 7 in Fighting
  6405 | D:6      | Reached XP level 8. HP: 87/87 MP: 8/8
  6461 | D:6      | Found a bloodstained altar of Trog.
  6465 | D:6      | Became a worshipper of Trog the Wrathful
  7051 | D:6      | Reached skill level 8 in Fighting
  7301 | D:6      | Noticed Eustachio
  7403 | D:6      | Killed Eustachio
  7642 | D:6      | Acquired Trog's first power
  7735 | D:6      | Reached XP level 9. HP: 82/97 MP: 9/9
  7987 | D:6      | Reached skill level 9 in Fighting
  8540 | D:7      | Found an iron altar of Okawaru.
  8586 | D:7      | Found a sacrificial altar of Ru.
  8846 | D:7      | You fall through a shaft!
  9953 | D:8      | Acquired Trog's second power
  9983 | D:8      | Noticed Dowan
 10018 | D:8      | Killed Dowan
 10159 | D:8      | Reached skill level 5 in Dodging
 10208 | D:8      | Noticed Duvessa
 10219 | D:8      | Killed Duvessa
 10219 | D:8      | Reached skill level 10 in Fighting
 10680 | D:8      | Reached XP level 10. HP: 81/111 MP: 10/10
 10836 | D:8      | Reached skill level 10 in Maces & Flails
 11071 | D:8      | Noticed Prince Ribbit
 11178 | D:8      | Killed Prince Ribbit
 11178 | D:8      | Reached skill level 11 in Fighting
 11887 | D:9      | Noticed Joseph
 12174 | D:9      | Killed Joseph
 12201 | D:9      | Found Dualal's Jewellery Boutique.
 12205 | D:9      | Bought an uncursed amulet of the gourmand for 330 gold pieces
 12879 | D:9      | Slain by a killer bee

Action                   |  1- 3 |  4- 6 |  7- 9 | 10-12 || total
-------------------------+-------+-------+-------+-------++-------
Melee: Short sword       |    13 |       |       |       ||    13
       Dagger            |    92 |   229 |    34 |       ||   355
       Mace              |       |     6 |    48 |       ||    54
       Giant club        |       |       |   235 |    33 ||   268
       Giant spiked club |       |       |       |    49 ||    49
Throw: Large rock        |     2 |     9 |    12 |     2 ||    25
       Stone             |       |       |    90 |       ||    90
       Throwing net      |       |       |     3 |       ||     3
       Tomahawk          |       |       |     5 |     1 ||     6
  Use: Scroll            |       |     4 |       |     7 ||    11
       Potion            |       |     1 |     2 |       ||     3
 Stab: Sleeping          |       |     1 |       |       ||     1
       Invisible         |       |       |     1 |       ||     1
  Eat: Chunk             |     2 |    12 |    16 |    13 ||    43
       Fruit             |       |       |     2 |       ||     2
